 Dungeon Crawl Stone Soup version 0.31-a0-152-g6aa68a64a1 (webtiles) character file.

Game seed: 726183090458208606

1544 qw the Skirmisher (level 8, -7/66 (71) HPs)
             Began as a Minotaur Hunter on June 9, 2023.
             Killed from afar by an acid dragon (20 damage)
             ... with a splash of acid
             ... on level 6 of the Dungeon.
             The game lasted 00:02:13 (5108 turns).

qw the Skirmisher (Minotaur Hunter)                 Turns: 5108, Time: 00:02:14

HP:   -7/66 (71)    AC:  0    Str: 16    XL:     8   Next: 56%
MP:   0/0           EV: 13    Int:  6    God:
Gold: 210           SH:  5    Dex: 19    Spells: 7/7 levels left

rFire   + . .        Y - +3 shortbow
rCold   . . .        (shield currently unavailable)
rNeg    . . .        k - +0 ring mail
rPois   .            (helmet restricted)
rElec   .            c - +0 cloak of Fanaticism {+Inv Will++ MP-9 Dex+3}
rCorr   .            e - +1 pair of gloves {infuse}
SInv    .            (no boots)
Will    ++...        a - amulet of reflection
Stlth   +            b - ring of protection from fire
HPRegen 0.31/turn    (no ring)
MPRegen 0.07/turn

%: reflection
@: corroded, drained
A: horns 2, retaliatory headbutt
a: Evoke Invisibility


You were on level 6 of the Dungeon.
You visited 1 branch of the dungeon, and saw 6 of its levels.

You collected 346 gold pieces.
You spent 136 gold pieces at shops.


Innate Abilities, Weirdness & Mutations

You have a pair of horns on your head.
You reflexively headbutt those who attack you in melee.


   Skills:
 + Level 6.9 Fighting
 - Level 10.0 Ranged Weapons
 - Level 3.1 Armour
 - Level 4.1 Dodging
 - Level 0.7 Stealth


You had 7 spell levels left.
You didn't know any spells.
Your spell library was empty.

Inventory:

Hand Weapons
 Y - a +3 shortbow (weapon)
Armour
 c - the +0 cloak of Fanaticism (worn) {+Inv Will++ MP-9 Dex+3}
   (You acquired it on level 3 of the Dungeon)

   Dex:       It affects your dexterity (+3).
   MP:        It affects your magic capacity (-9).
   +Inv:      It lets you turn invisible.
   Will:      It greatly increases your willpower.
 e - a +1 pair of gloves of infusion (worn)
 k - a +0 ring mail (worn)
Jewellery
 a - an amulet of reflection (around neck)
 b - a ring of protection from fire (left hand)
Wands
 h - a wand of digging (4)
Scrolls
 m - 2 scrolls of identify
Potions
 d - a potion of might
 f - 5 potions of curing
 i - a potion of invisibility {unknown}
 l - a potion of mutation {unknown}

Dungeon Overview and Level Annotations

Branches:
Dungeon (6/15)
 Temple: D:4-7

Altars:
Hepliaklqana
Qazlal
Wu Jian
Yredelemnul
Zin

Shops:
D:5 *


Message History

The acid dragon is heavily wounded.
The acid dragon bites you but does no damage.
You block the acid dragon's attack.
You shoot an arrow.
The arrow hits the acid dragon but does no damage.
The acid dragon is heavily wounded.
The acid dragon spits acid at you. The splash of acid hits you!
The acid corrodes you!
You shoot an arrow.
The arrow barely misses the acid dragon.
The arrow hits the orc.
The orc is heavily wounded.
The acid dragon spits acid at you. The splash of acid hits you!
The acid corrodes you!
You shoot an arrow.
The arrow barely misses the acid dragon.
The arrow hits the orc but does no damage.
The orc is heavily wounded.
The acid dragon bites you! The acid dragon claws you.
You shoot an arrow.
The arrow barely misses the acid dragon.
The arrow hits the orc.
The orc is severely wounded.
The acid dragon closely misses you. You block the acid dragon's attack.
You shoot an arrow. The arrow hits the acid dragon.
The acid dragon is heavily wounded.
The acid dragon bites you! The acid dragon claws you.
You shoot an arrow.
The arrow hits the acid dragon but does no damage.
The acid dragon is heavily wounded.
The acid dragon barely misses you. You furiously retaliate!
You headbutt the acid dragon, but do no damage.
The acid dragon barely misses you.
You shoot an arrow.
The arrow closely misses the acid dragon.
The arrow hits the orc!
You kill the orc!
The acid dragon spits acid at you. The splash of acid hits you!!
You die...

#..# #..# #..#
#..# ## #### ##).#
.. #.. .o.
#.##.####### #D#
#..........#####@#
............(....#
###.#..###.#######
..#.#..# #.#
#.#.#..# #.#
...>#..# #.#
#.#.#..# #.#
..#.#..# #.# ..#.#
#.#


You could see an acid dragon (catching breath) and an orc.

Vanquished Creatures
  Edmund (D:3)
  Duvessa (D:4)
  2 ice beasts (D:5)
  An ogre (D:5)
  Blork the orc (D:4)
  3 scorpions
  A necrophage (D:6)
  2 wights (D:6)
  Dowan (D:4)
  2 hounds
  A human zombie (D:6)
  2 centaur zombies (D:6)
  2 jellies
  A gnoll bouda (D:4)
  A sleepcap (D:5)
  An orc wizard (D:5)
  A mummy (D:6)
  Robin (D:4)
  4 gnolls
  11 adders
  A white imp (D:6)
  An ufetubus (D:5)
  2 worms
  4 dart slugs
  22 orcs
  4 endoplasms
  2 giant cockroaches (D:1)
  18 goblins
  8 hobgoblins
  8 jackals
  2 quokkas
  15 ball pythons
  4 bats
  2 frilled lizards
  11 kobolds
  5 rats
149 creatures vanquished.

Notes
Turn   | Place    | Note
-------+----------+-------------------------------------------
     0 | D:1      | qw the Minotaur Hunter began the quest for the Orb.
     0 | D:1      | Reached XP level 1. HP: 18/18 MP: 0/0
     0 | D:1      | 0 ||| qw: Version: 0.2-a-121-gba3a3e5
     0 | D:1      | 0 ||| qw: Game counter: 3233
     0 | D:1      | 0 ||| qw: Always use a shield: true
     0 | D:1      | 0 ||| qw: God list: Okawaru
     0 | D:1      | 0 ||| qw: Allow faded altars: false
     0 | D:1      | 0 ||| qw: Do Orc after D:15 true
     0 | D:1      | 0 ||| qw: Do second Lair branch before Depths: true
     0 | D:1      | 0 ||| qw: Lair rune preference: random
     0 | D:1      | 0 ||| qw: Plans: Normal
     0 | D:1      | 0 ||| PLANNING D:1-11
   125 | D:1      | Reached XP level 2. HP: 25/25 MP: 1/1
   130 | D:1      | Reached skill level 5 in Ranged Weapons
   150 | D:1      | HP: 5/25 [gnoll/+0 spear (4)]
   152 | D:1      | Reached skill level 3 in Fighting
   348 | D:1      | Reached XP level 3. HP: 31/31 MP: 2/2
   794 | D:1      | Found a faded altar of an unknown god.
   813 | D:1      | Found a faded altar of an unknown god.
   889 | D:1      | 889 ||| READING scroll labelled XOUDWAUQUPA.
   890 | D:1      | 890 ||| READING scroll labelled JENLUCVUELA.
   893 | D:1      | 893 ||| READING scroll labelled BEYXIRR NIWYA.
   894 | D:1      | 894 ||| READING scroll labelled KESURERINA.
   895 | D:1      | 895 ||| DROPPING scroll of butterflies.
   999 | D:2      | 999 ||| READING scroll of enchant weapon.
   999 | D:2      | 999 ||| ENCHANTING +1 shortbow.
  1156 | D:2      | 1156 ||| READING scroll of enchant weapon.
  1156 | D:2      | 1156 ||| ENCHANTING +2 shortbow.
  1207 | D:2      | Found an ornate altar of the Wu Jian Council.
  1243 | D:2      | Reached XP level 4. HP: 38/38 MP: 3/3
  1426 | D:2      | 1426 ||| UPGRADING to +1 pair of gloves of infusion.
  1431 | D:2      | 1431 ||| UPGRADING to +0 ring mail.
  1441 | D:2      | 1441 ||| DROPPING +0 leather armour.
  1442 | D:2      | 1442 ||| UPGRADING to amulet of reflection.
  1447 | D:2      | 1447 ||| DROPPING ring of flight.
  1448 | D:2      | 1448 ||| READING scroll labelled LESKIAFEEL.
  1449 | D:2      | 1449 ||| READING scroll labelled JOTREM YCWIRU.
  1450 | D:2      | 1450 ||| READING scroll labelled SADGHU KEGYNGO.
  1601 | D:3      | Found a hazy altar of Hepliaklqana.
  1732 | D:3      | Reached skill level 1 in Armour
  1740 | D:3      | Reached skill level 6 in Ranged Weapons
  1961 | D:3      | Reached XP level 5. HP: 42/46 MP: 4/4
  1978 | D:3      | Found a glowing silver altar of Zin.
  2079 | D:3      | Found a stormy altar of Qazlal.
  2232 | D:3      | 2232 ||| UPGRADING to ring of protection from fire.
  2233 | D:3      | 2233 ||| READING scroll labelled BIGIEQ PUUDOH.
  2234 | D:3      | 2234 ||| READING scroll labelled JOETECAUDI.
  2316 | D:3      | 2316 ||| READING scroll labelled OMNADE XEGA.
  2316 | D:3      | Identified a scroll of acquirement
  2316 | D:3      | 2316 ||| ACQUIRING +0 cloak of Fanaticism {+Inv Will++ MP-9
                  | Dex+3}
  2316 | D:3      | Acquired the +0 cloak of Fanaticism {+Inv Will++ MP-9
                  | Dex+3}
  2318 | D:3      | 2318 ||| UPGRADING to +0 cloak of Fanaticism {+Inv Will++
                  | MP-9 Dex+3}.
  2323 | D:3      | 2323 ||| DRINKING 2 fizzy red potions.
  2324 | D:3      | 2324 ||| DRINKING 3 cyan potions.
  2325 | D:3      | 2325 ||| DRINKING 2 brown potions.
  2326 | D:3      | 2326 ||| DROPPING 2 potions of brilliance.
  2327 | D:3      | 2327 ||| DROPPING potion of attraction.
  2346 | D:4      | Noticed Edmund
  2351 | D:4      | 2351 ||| STAIRDANCE
  2354 | D:3      | Killed Edmund
  2355 | D:3      | Reached skill level 7 in Ranged Weapons
  2355 | D:3      | Reached XP level 6. HP: 36/52 MP: 0/5
  2425 | D:4      | 2425 ||| Stepping ~*~*~tactically~*~*~ (outnumbered).
  2429 | D:4      | 2429 ||| Stepping ~*~*~tactically~*~*~ (outnumbered).
  2728 | D:4      | Noticed Duvessa
  2728 | D:4      | Noticed Dowan
  2736 | D:4      | Killed Duvessa
  2737 | D:4      | Reached skill level 3 in Dodging
  2737 | D:4      | HP: 12/52 [Dowan/shard of ice (20)]
  2738 | D:4      | 2738 ||| READING scroll of teleportation.
  2739 | D:4      | HP: 5/52 [Dowan/+0 dagger (3)]
  2921 | D:4      | Identified the +1 scale mail of Socacae {rElec rC+++ Will-
                  | rCorr}
  3015 | D:4      | Killed Dowan
  3016 | D:4      | Reached XP level 7. HP: 44/59 MP: 0/6
  3018 | D:4      | 3018 ||| FLEEEEING.
  3019 | D:4      | 3019 ||| FLEEEEING.
  3020 | D:4      | 3020 ||| FLEEEEING.
  3021 | D:4      | 3021 ||| FLEEEEING.
  3022 | D:4      | 3022 ||| FLEEEEING.
  3024 | D:4      | 3024 ||| STAIRDANCE
  3140 | D:4      | Noticed Robin
  3147 | D:4      | Killed Robin
  3175 | D:4      | Noticed Blork the orc
  3187 | D:4      | Reached skill level 8 in Ranged Weapons
  3193 | D:4      | Killed Blork the orc
  3194 | D:4      | 3194 ||| FLEEEEING.
  3195 | D:4      | 3195 ||| FLEEEEING.
  3196 | D:4      | 3196 ||| FLEEEEING.
  3197 | D:4      | 3197 ||| FLEEEEING.
  3198 | D:4      | 3198 ||| FLEEEEING.
  3199 | D:4      | 3199 ||| FLEEEEING.
  3200 | D:4      | 3200 ||| FLEEEEING.
  3201 | D:4      | 3201 ||| FLEEEEING.
  3202 | D:4      | 3202 ||| FLEEEEING.
  3203 | D:4      | 3203 ||| FLEEEEING.
  3204 | D:4      | 3204 ||| FLEEEEING.
  3205 | D:4      | 3205 ||| FLEEEEING.
  3206 | D:4      | 3206 ||| FLEEEEING.
  3207 | D:4      | 3207 ||| FLEEEEING.
  3209 | D:4      | 3209 ||| FLEEEEING.
  3210 | D:4      | 3210 ||| FLEEEEING.
  3211 | D:4      | 3211 ||| FLEEEEING.
  3212 | D:4      | 3212 ||| FLEEEEING.
  3213 | D:4      | 3213 ||| FLEEEEING.
  3214 | D:4      | 3214 ||| FLEEEEING.
  3215 | D:4      | 3215 ||| FLEEEEING.
  3216 | D:4      | 3216 ||| FLEEEEING.
  3217 | D:4      | 3217 ||| FLEEEEING.
  3218 | D:4      | 3218 ||| FLEEEEING.
  3219 | D:4      | 3219 ||| FLEEEEING.
  3220 | D:4      | 3220 ||| FLEEEEING.
  3221 | D:4      | 3221 ||| FLEEEEING.
  3222 | D:4      | 3222 ||| FLEEEEING.
  3223 | D:4      | 3223 ||| FLEEEEING.
  3224 | D:4      | 3224 ||| FLEEEEING.
  3225 | D:4      | 3225 ||| FLEEEEING.
  3226 | D:4      | 3226 ||| FLEEEEING.
  3227 | D:4      | 3227 ||| FLEEEEING.
  3228 | D:4      | 3228 ||| FLEEEEING.
  3229 | D:4      | 3229 ||| FLEEEEING.
  3230 | D:4      | 3230 ||| FLEEEEING.
  3232 | D:4      | 3232 ||| STAIRDANCE
  3281 | D:3      | 3281 ||| READING 3 scrolls labelled HEONEI TESUEP.
  3382 | D:3      | 3382 ||| DROPPING 2 scrolls of silence.
  3828 | D:4      | 3828 ||| DRINKING 2 golden potions.
  3854 | D:5      | Entered Level 5 of the Dungeon
  3998 | D:5      | Found Edattiul's Assorted Antiques.
  4028 | D:5      | 4028 ||| BUYING potion of curing (102 gold).
  4028 | D:5      | Bought a potion of curing for 102 gold pieces
  4028 | D:5      | 4028 ||| BUYING scroll labelled KEDUDO ALUITHU (34 gold).
  4028 | D:5      | Bought a scroll labelled KEDUDO ALUITHU for 34 gold pieces
  4040 | D:5      | Reached skill level 9 in Ranged Weapons
  4060 | D:5      | Reached XP level 8. HP: 70/70 MP: 0/7
  4135 | D:5      | Reached skill level 6 in Fighting
  4628 | D:5      | 4628 ||| READING scroll labelled KEDUDO ALUITHU.
  4629 | D:5      | 4629 ||| READING scroll labelled KAPNOKHL TYOWE.
  4630 | D:5      | 4630 ||| READING 2 scrolls of identify.
  4630 | D:5      | 4630 ||| IDENTIFYING ruby potion
  4632 | D:5      | 4632 ||| Stepping ~*~*~tactically~*~*~ (cloud).
  4826 | D:6      | Found a basalt altar of Yredelemnul.
  4840 | D:6      | Reached skill level 10 in Ranged Weapons
  4901 | D:6      | Reached skill level 3 in Armour
  4938 | D:6      | HP: 14/65 [wight/+5 morningstar (5)]
  4939 | D:6      | 4939 ||| READING scroll of teleportation.
  4939 | D:6      | HP: 6/65 [wight/+5 morningstar (8)]
  4940 | D:6      | 4940 ||| DRINKING potion of heal wounds.
  5021 | D:6      | 5021 ||| FLEEEEING.
  5106 | D:6      | HP: 14/66 [acid dragon (12)]
  5108 | D:6      | Killed from afar by an acid dragon

Levels and vault maps discovered:
D:1:      dpeg_arrival_stonehenge_8_columns, layout_basic,
          hellmonk_ecumenical_altar_the_god_not_taken
D:2:      layout_basic, basic_altar
D:3:      layout_basic, nicolae_qazlal_eye_of_the_storm, lemuel_round_altar,
          lemuel_doored_altar, minmay_snake_closets
D:4:      layout_basic, hangedman_decor_clover_reticule, uniq_robin,
          uniq_blork_the_orc, uniq_edmund, uniq_duvessa
D:5:      layout_loops_ring, serial_shops, nicolae_shop_hallway_stairs
D:6:      layout_basic, vehumet_altar_wand_db,
          lemuel_mausoleum_altar_yredelemnul

Skill      XL: |  1  2  3  4  5  6  7  8 |
---------------+-------------------------+-----
Ranged Weapons | 5 6 7 9 10 | 10.0
Fighting       | 3 4 5 6 |  6.9
Armour         | 1 2 3 |  3.1
Dodging        | 3 4 |  4.1
Stealth        | |  0.7

Action                     |  1- 3 |  4- 6 |  7- 9 || total
---------------------------+-------+-------+-------++-------
   Fire: Shortbow          |   116 |   118 |   226 ||   460
    Use: Scroll            |     6 |     7 |     5 ||    18
         Potion            |       |     3 |     2 ||     5
 Armour: Leather armour    |     6 |       |       ||     6
         Ring mail         |       |    17 |    38 ||    55
  Dodge: Dodged            |    22 |    30 |    91 ||   143
  Block: Other             |       |    10 |    38 ||    48
         Reflection        |       |     1 |       ||     1

Table legend:
 A = Non-vault XP
 B = Vault XP
 C = Vault XP percentage of total XP
 D = Non-vault monster count
 E = Vault monster count
 F = Vault count percentage of total count
                 A         B        C        D         E       F
            +---------+---------+-------+---------+---------+-------
      Total |    1259 |     950 |  43.0 |     115 |      34 |  22.8
            +---------+---------+-------+---------+---------+-------
        D:1 |      61 |       0 |   0.0 |      30 |       0 |   0.0
        D:2 |      43 |       0 |   0.0 |      22 |       0 |   0.0
        D:3 |      84 |     231 |  73.3 |      17 |      12 |  41.4
        D:4 |     190 |     338 |  64.0 |      20 |      15 |  42.9
        D:5 |     713 |       0 |   0.0 |      19 |       0 |   0.0
        D:6 |     168 |     381 |  69.4 |       7 |       7 |  50.0
            +---------+---------+-------+---------+---------+-------
